 Dungeon Crawl Stone Soup version 0.21.1-1-g345015f (webtiles) character file.

7 shakethe the Grave Robber (level 1, 0/14 HPs)
             Began as a Demonspawn Necromancer on Feb 19, 2018.
             Slain by a jackal (1 damage)
             ... on level 1 of the Dungeon.
             The game lasted 00:00:27 (56 turns).

shakethe the Grave Robber (Demonspawn Necromancer)    Turns: 56, Time: 00:00:28

Health: 0/14       AC:  2    Str:  8    XL:     1   Next: 83%
Magic:  0/3        EV: 12    Int: 16    God:
Gold:   0          SH:  0    Dex: 13    Spells: 3/4 levels left

rFire    . . .     SeeInvis .   (no weapon)
rCold    . . .     Gourm    .   (no shield)
rNeg     . . .     Faith    .   a - +0 robe
rPois    .         Spirit   .   (no helmet)
rElec    .         Reflect  .   (no cloak)
rCorr    .         Harm     .   (no gloves)
MR       .....                  (no boots)
Stlth    ++........             (no amulet)
HPRegen  0.04/turn              (no ring)
MPRegen  0.08/turn              (no ring)

@: no status effects
A: no striking features
a: no special abilities


You were on level 1 of the Dungeon.
You were not hungry.

You visited 1 branch of the dungeon, and saw 1 of its levels.

Inventory:

Armour
 a - a +0 robe (worn)
Books
 b - a book of Necromancy
Comestibles
 c - a ration


   Skills:
 + Level 0.6 Fighting
 - Level 1.7 Dodging
 - Level 1.7 Stealth
 + Level 2.1 Spellcasting
 + Level 4.5 Necromancy


You had 3 spell levels left.
You knew the following spells:

 Your Spells              Type           Power        Failure   Level  Hunger
a - Pain                  Necr           ###.         3%          1    #......


Dungeon Overview and Level Annotations

Branches:
Dungeon (1/15)

Altars:


Message History

Welcome, shakethe the Demonspawn Necromancer.
It is said that the Orb of Zot exists deep within this dungeon.
Found a staircase leading out of the dungeon.
You open the door.
There is an open door here. 2 jackals come into view.
The jackal barks! x2; You hear a bark! x2 2 jackals come into view.
Aim: a jackal (chance to defeat MR: 85%)
The jackal writhes in agony!
You kill the jackal!
You take 1 damage, and have 12/13 hp.
You now have 2/3 mp.
Aim: a jackal (chance to defeat MR: 85%)
The jackal writhes in agony!
You kill the jackal!
You take 1 damage, and have 11/13 hp.
You now have 1/3 mp.
Aim: a jackal (chance to defeat MR: 85%)
The jackal writhes in agony!
You kill the jackal!
You now have 0/3 mp. 2 jackals come into view.
You see here a jackal corpse.
You see here a jackal corpse.
The jackal barks!
Aim: a jackal (chance to defeat MR: 87%)
The jackal writhes in agony!
The jackal barely misses you.
You take 1 damage, and have 11/14 hp.
You now have 1/3 mp.
Aim: a jackal (moderately wounded, chance to defeat MR: 87%)
The jackal writhes in agony!
You kill the jackal!
You take 1 damage, and have 10/14 hp.
You now have 0/3 mp.
A jackal comes into view.
The jackal barks! x2
You see here a jackal corpse.
You don't have enough magic to cast that spell.
The jackal misses you. The jackal bites you.
You take 1 damage, and have 9/14 hp.
The jackal barely misses you. The jackal bites you.
You take 3 damage, and have 6/14 hp.
MASSIVE DAMAGE!!
Aim: a jackal (chance to defeat MR: 87%)
The jackal writhes in agony!
The jackal closely misses you. The jackal bites you.
* * * LOW HITPOINT WARNING * * *
You take 3 damage, and have 3/14 hp.
MASSIVE DAMAGE!!
You now have 0/3 mp.
You hit the jackal. The jackal bites you.
* * * LOW HITPOINT WARNING * * *
You take 1 damage, and have 2/14 hp.
You hit the jackal.
You kill the jackal!
You completely miss the jackal. The jackal bites you.
* * * LOW HITPOINT WARNING * * *
You hit the jackal but do no damage. The jackal closely misses you. x2
You barely miss the jackal. The jackal misses you.
You take 2 damage, and have 1/14 hp.
You hit the jackal but do no damage. The jackal bites you.
You die...

. .. ###### #+#+## ...
#....# #....# ....
#....# #.<..# .....
#....########'##......
#....@hh.†............
##########...........h
#............
#............
..............
.#........##... #
#..h.....# ...
#......$.# ..


You could see 2 jackals.

Vanquished Creatures
  5 jackals (D:1)
5 creatures vanquished.

Notes
Turn   | Place    | Note
-------+----------+-------------------------------------------
     0 | D:1      | shakethe the Demonspawn Necromancer began the quest for the Orb.
     0 | D:1      | Reached XP level 1. HP: 13/13 MP: 3/3
    50 | D:1      | HP: 3/14 [jackal (2)]
    53 | D:1      | HP: 1/14 [jackal (2)]
    56 | D:1      | Slain by a jackal

Action                   || total
-------------------------++-------
Melee: Unarmed           ||     6
 Cast: Pain              ||     6
Dodge: Dodged            ||     7

Vault maps used:
D:1:      dpeg_arrival_ratfight, minmay_crystal_room, bh_walls_and_bars

Table legend:
 A = Turns spent in this place as a percentage of turns spent in the entire game.
 B = Non-inter-level travel turns spent in this place as a percentage of non-inter-level travel turns spent in the entire game.
 C = Inter-level travel turns spent in this place as a percentage of turns spent in this place.
 D = Turns resting spent in this place as a percentage of non-inter-level travel turns spent in this place.
 E = Turns spent auto-exploring this place as a percentage of non-inter-level travel turns spent in this place.
 F = Non-inter-level travel turns spent in this place divided by the number of levels of this place that you've seen.
                   A       B       C       D       E      F
               +-------+-------+-------+-------+-------+----------------------
         Total | 100.0 | 100.0 |   0.0 |   0.0 |   3.6 |  56.0
       Dungeon | 100.0 | 100.0 |   0.0 |   0.0 |   3.6 |  56.0
               +-------+-------+-------+-------+-------+----------------------

Table legend:
 A = Kills in this place as a percentage of kills in entire the game.
 B = Kills by you in this place as a percentage of kills by you in the entire game.
 C = Kills by friends in this place as a percentage of kills by friends in the entire game.
 D = Other kills in this place as a percentage of other kills in the entire game.
 E = Experience gained in this place as a percentage of experience gained in the entire game.
 F = Experience gained in this place divided by the number of levels of this place that you have seen.
                   A       B       C       D       E      F
               +-------+-------+-------+-------+-------+----------------------
         Total | 100.0 | 100.0 |   N/A |   N/A | 100.0 |  10.0
       Dungeon | 100.0 | 100.0 |   N/A |   N/A | 100.0 |  10.0
               +-------+-------+-------+-------+-------+----------------------
